 Dungeon Crawl Stone Soup version 0.20-a0-1089-g3fde505 (webtiles) character file.

78 Alarkh the Chopper (level 4, 35/35 HPs)
             Began as a Demonspawn Monk on May 2, 2017.
             Quit the game on level 2 of the Dungeon.
             The game lasted 00:01:22 (2212 turns).

Alarkh the Chopper (Demonspawn Monk)                Turns: 2212, Time: 00:01:23

Health: 35/35      AC:  2    Str: 15 (16) XL:     4   Next: 15%
Magic:  4/4        EV: 18    Int: 10 (12) God:
Gold:   114        SH:  0    Dex: 18 (21) Spells: 3/3 levels left

rFire    . . .     SeeInvis .   a - +0 hand axe
rCold    . . .     Gourm    .   (no shield)
rNeg     . . .     Faith    .   b - +0 robe
rPois    .         Spirit   .   (no helmet)
rElec    .         Reflect  .   (no cloak)
rCorr    .         Harm     .   (no gloves)
MR       .....                  (no boots)
Stlth    +++.......             (no amulet)
Regen    0.2/turn               (no ring)
MPRegen  0.1/turn               (no ring)

@: mighty, agile, hasted, very quick
A: hooves 1, powered by pain 2
a: no special abilities


You were on level 2 of the Dungeon.
You were not hungry.

You visited 1 branch of the dungeon, and saw 2 of its levels.

You collected 114 gold pieces.

Inventory:

Hand Weapons
 a - a +0 hand axe (weapon)
Armour
 b - a +0 robe (worn)
Jewellery
 h - an uncursed ring of positive energy {unknown}
Scrolls
 f - a scroll of remove curse {unknown}
 j - a scroll of identify {unknown}
 n - a scroll of teleportation {unknown}
 o - a scroll of enchant weapon {unknown}
Comestibles
 c - a bread ration
 d - a meat ration
 m - 2 fruits


   Skills:
 - Level 3.0 Fighting
 + Level 4.5 Axes
 - Level 2.6 Dodging
 - Level 1.7 Stealth


You had 3 spell levels left.
You didn't know any spells.

Dungeon Overview and Level Annotations

Branches:
Dungeon (2/15)

Altars:


Innate Abilities, Weirdness & Mutations

You have large cloven feet.
You sometimes gain power by taking damage.


Message History

All of the chunks of flesh in your inventory have rotted away.
Found an escape hatch in the floor.
Done exploring.
No target in view!
No target in view!
No target in view!
No target in view!
Done exploring.
Done exploring.
Okay, then.
It was a potion of might.
You feel very mighty all of a sudden.
It was a potion of degeneration.
There was something very wrong with that liquid.
You feel weakened.
You feel dopey.
You feel clumsy.
It was a potion of haste.
You feel yourself speed up.
It was a potion of heal wounds.
You feel much better.
It was a potion of agility.
You feel agile all of a sudden.
Are you sure you want to abandon this character and quit the game? (Confirm with "yes".)

....# ....# #######
....# ##.....## ....#
##.......## ....#
#.........# ...##
#.........#
....#######)........#
..........#.).......#
....#####.......@...#
....# ####.......##
....#######.........#
....##..............#
...##...###.........#
........# #.........#
...##...# #.........#
)..##...# ##.......##
...#....# ##.....##


There were no monsters in sight!

Vanquished Creatures
  An adder (D:2)
  2 worms (D:2)
  2 dart slugs (D:1)
  2 leopard geckos
  A giant cockroach (D:2)
  4 goblins
  13 hobgoblins
  5 jackals (D:1)
  8 kobolds
  A quokka (D:2)
  A ball python (D:2)
  3 bats (D:1)
  5 frilled lizards
  5 rats
53 creatures vanquished.

Notes
Turn   | Place    | Note
-------+----------+-------------------------------------------
     0 | D:1      | Alarkh the Demonspawn Monk began the quest for the Orb.
     0 | D:1      | Reached XP level 1. HP: 18/18 MP: 1/1
   126 | D:1      | Reached skill level 3 in Axes
   167 | D:1      | Gained mutation: You sometimes gain a little power by taking damage. [demonic ancestry]
   167 | D:1      | Reached XP level 2. HP: 16/24 MP: 2/2
   714 | D:1      | Gained mutation: You have large cloven feet. [demonic ancestry]
   714 | D:1      | Reached XP level 3. HP: 27/29 MP: 3/3
   822 | D:1      | Reached skill level 4 in Axes
  1876 | D:2      | Gained mutation: You sometimes gain power by taking damage. [demonic ancestry]
  1876 | D:2      | Reached XP level 4. HP: 32/35 MP: 4/4
  2212 | D:2      | Quit the game

Vault maps used:
D:1:      shiori_angband_town

Skill      XL: |  1  2  3 |
---------------+----------+-----
Axes           | 3 4 |  4.5
Fighting       | |  3.0
Dodging        | |  2.6
Stealth        | |  1.7

Action                   |  1- 3 |  4- 6 || total
-------------------------+-------+-------++-------
Melee: Hand axe          |   169 |    10 ||   179
       Kick              |    18 |     4 ||    22
  Use: Potion            |       |     5 ||     5
 Stab: Sleeping          |     6 |       ||     6
  Eat: Chunk             |     3 |     1 ||     4
Armor: Robe              |    29 |     1 ||    30
Dodge: Dodged            |   118 |     5 ||   123
